 Dungeon Crawl Stone Soup version 0.28.0-43-g3370ac3207 (webtiles) character file.

Game seed: 2727111777109234945

2844 tizbic2 the Covert (level 9, -5/114 HPs)
             Began as a Naga Berserker on Mar 3, 2022.
             Was a Priest of Trog.
             Slain by Harold
             ... wielding a +0 long sword
              (21 damage)
             ... on level 7 of the Dungeon.
             The game lasted 00:40:06 (6824 turns).

tizbic2 the Covert (Naga Berserker)                 Turns: 6824, Time: 00:40:07

Health: -5/114     AC:  9    Str: 19    XL:     9   Next: 74%
Magic:  9/9        EV: 10    Int: 14    God:    Trog [***...]
Gold:   307        SH:  0    Dex: 15    Spells: 8/8 levels left

rFire   . . .      SeeInvis +   w - +1 dagger (venom)
rCold   + . .      Faith    .   (no shield)
rNeg    . . .      Spirit   .   k - +2 robe "Wiem Yliwn" {rPois rC+ rCorr}
rPois   +          Reflect  .   o - +2 helmet
rElec   .          Harm     .   (no cloak)
rCorr   +          Rampage  .   (no gloves)
Will    +++..                   (no barding)
Stlth   ..........              l - amulet of the acrobat
HPRegen 1.29/turn               d - ring of flight
MPRegen 0.11/turn               s - +6 ring of intelligence

@: berserking (expiring), strong-willed, flying, regenerating, quick
A: AC +3, large, see invisible, deformed body, poison resistance, slowness 2,
spit poison 1, naga tail 1
a: Spit Poison, Renounce Religion, Berserk, Trog's Hand


You were on level 7 of the Dungeon.
You worshipped Trog.
Trog was most pleased with you.
You visited 1 branch of the dungeon, and saw 7 of its levels.
You also visited: Bailey.

You collected 335 gold pieces.
You spent 28 gold pieces at shops.

Inventory:

Hand Weapons
 a - a +5 whip of electrocution
 q - a +0 rapier
 v - a +2 short sword of draining
 w - a +1 dagger of venom (weapon)
Missiles
 g - 162 stones
 C - 4 curare-tipped darts
Armour
 k - the +2 robe "Wiem Yliwn" (worn) {rPois rC+ rCorr}
   (You found it on level 6 of the Dungeon)

   rC:        It protects you from cold.
   rPois:     It protects you from poison.
   rCorr:     It protects you from acid and corrosion.
 o - a +2 helmet (worn)
 B - +2 steam dragon scales
Jewellery
 d - a ring of flight (left hand)
 l - an amulet of the acrobat (around neck)
 s - a +6 ring of intelligence (right hand)
Wands
 j - a wand of charming (20)
 r - a wand of acid (6)
 y - a wand of polymorph (8)
Scrolls
 e - a scroll of blinking
 f - 2 scrolls of teleportation
 n - a scroll of brand weapon
 p - 2 scrolls of silence
Potions
 b - a potion of heal wounds
 c - a potion of haste
 h - 3 potions of lignification
 i - a potion of cancellation
 m - a potion of brilliance {unknown}
 u - a potion of might {unknown}
 x - 2 potions of curing
 A - 2 potions of attraction


   Skills:
 - Level 3.4 Fighting
 * Level 7.8(8.1) Short Blades
 - Level 3.0(5.8) Long Blades
 + Level 2.8 Maces & Flails
 - Level 1.5 Armour
 - Level 1.5 Dodging
 * Level 14.8 Stealth


You had 8 spell levels left.
You didn't know any spells.
Your spell library was empty.

Dungeon Overview and Level Annotations

Branches:
Dungeon (7/15)             Temple (0/1) D:7          Bailey (visited)

Altars:
Elyvilon
Okawaru
Sif Muna
Uskayaw
Wu Jian

Shops:
D:1 (

Annotations:
D:6 1 runed translucent door, yahweh's ghost, novice DrBe
D:7 Harold; Maggie


Innate Abilities, Weirdness & Mutations

Your serpentine skin is tough. (AC +3)
You have supernaturally acute eyesight. (SInv)
Armour fits poorly on your strangely shaped body.
Your system is resistant to poisons. (rPois)
You cover ground very slowly.
You can spit poison.
You have a snake-like lower body.


Message History

Harold hits you with a +0 long sword.
A red film seems to cover your vision as you go berserk!
You feel yourself moving faster!
You feel mighty!
Maggie hits you with a +1 morningstar of flaming.
Maggie burns you. Harold hits you with a +0 long sword!
* * * LOW HITPOINT WARNING * * *
You hit Maggie.
Maggie is lightly wounded.
You hit Maggie.
Maggie is poisoned.
Maggie is lightly wounded.
Maggie mumbles some strange words.
Harold hits you with a +0 long sword!
* * * LOW HITPOINT WARNING * * *
You puncture Harold!
Harold is poisoned.
Harold is lightly wounded.
You hit Harold.
Harold is lightly wounded.
Maggie points at you and mumbles some strange words.
The bolt of fire hits you.
* * * LOW HITPOINT WARNING * * *
You hit Harold.
Harold is lightly wounded.
Harold misses you.
You barely miss Harold.
Harold is moderately wounded.
You puncture Harold!
Harold is moderately wounded.
You completely miss Harold.
Harold is moderately wounded.
Harold hits you but does no damage.
Maggie mumbles some strange words.
You puncture Harold!
Harold is heavily wounded.
You puncture Harold!
Harold is severely wounded.
You puncture Harold!
Harold is severely wounded.
Harold says, "This is so exciting!
What a great way to end my career!"
Harold hits you with a +0 long sword!!
You die...

#.##### #.#.......### *,*,,,*
..# **#...#.8.#...###,*,,,*
###****...#.......#....,,,,,*
*,,,.#...8.>.8)..#.#,**,,*
*,*#...#.......#...#,#*,,*
##**,*###...#.8.#...#...#,,,*
..,,,* ###.......##....#,*,*
##**** ##.#.#@@......#,*,****
#....@#>......,*,,,,*
#..#..#.......,****,*
#.............,* *,* ***
#...........##,* *,* ,,*
#[.##......[#*,* *,* *,*
#..*#.........,* *,* *,*
#.,*#.#.######,* *,* *,*
#.,*#.#.# *,* *,* *,*
*,,*,,,,******,****,*


You could see Harold (invisible, very poisoned) and Maggie (very poisoned).

Vanquished Creatures
  A centaur zombie (D:5)
  Sigmund (D:3)
  Eustachio (D:4)
  2 steam dragons
  An acid dragon (D:5)
  A black bear (D:6)
  A sky beast (D:6)
  An ogre (D:6)
  2 phantoms
  Blork the orc (D:5)
  2 kobold brigands (D:7)
  2 bullfrogs (D:6)
  3 scorpions
  A water moccasin skeleton (D:4)
  5 wights (D:7)
  A jelly (D:5)
  5 orc priests
  A centaur skeleton (D:7)
  3 hounds (D:5)
  A bullfrog skeleton (D:6)
  3 iguanas
  3 orc wizards
  4 gnolls (D:2)
  3 adders
  An ufetubus (D:6)
  An adder skeleton (D:4)
  3 dart slugs (D:2)
  15 orcs
  7 ball pythons
  5 bats
  4 endoplasms
  3 giant cockroaches
  6 goblins
  8 hobgoblins
  8 jackals
  2 quokkas
  3 frilled lizards (D:2)
  21 kobolds
  7 rats
  A butterfly (D:4)
144 creatures vanquished.

Vanquished Creatures (others)
  A kobold (D:7)
  A fungus (D:4)
2 creatures vanquished.

Grand Total: 146 creatures vanquished

Notes
Turn   | Place    | Note
-------+----------+-------------------------------------------
     0 | D:1      | tizbic2 the Naga Berserker began the quest for the Orb.
     0 | D:1      | Reached XP level 1. HP: 21/21 MP: 1/1
    67 | D:1      | Reached skill level 1 in Stealth
   207 | D:1      | Found a faded altar of an unknown god.
   214 | D:1      | Reached XP level 2. HP: 28/28 MP: 2/2
   302 | D:1      | Reached skill level 1 in Short Blades
   519 | D:1      | Found Yhiudd Cauli's Weapon Boutique.
   583 | D:1      | Bought a +0 dagger for 28 gold pieces
   648 | D:1      | Reached skill level 2 in Stealth
  1085 | D:2      | Reached XP level 3. HP: 28/34 MP: 3/3
  1404 | D:2      | Reached skill level 3 in Stealth
  1408 | D:2      | Reached XP level 4. HP: 42/42 MP: 4/4
  1681 | D:2      | Reached skill level 4 in Stealth
  2148 | D:3      | Reached XP level 5. HP: 48/49 MP: 5/5
  2324 | D:3      | Noticed Sigmund
  2336 | D:3      | Reached skill level 5 in Stealth
  2338 | D:3      | Killed Sigmund
  2338 | D:3      | Reached ** piety under Trog
  2339 | D:3      | Reached skill level 6 in Stealth
  2339 | D:3      | Reached XP level 6. HP: 56/56 MP: 6/6
  2504 | D:3      | Found a hide-covered altar of Uskayaw.
  2630 | D:3      | Reached skill level 7 in Stealth
  2928 | D:4      | Found an ornate altar of the Wu Jian Council.
  2985 | D:4      | Found an iron altar of Okawaru.
  3157 | D:4      | Noticed Eustachio
  3181 | D:4      | Reached skill level 8 in Stealth
  3297 | D:4      | Killed Eustachio
  3298 | D:4      | Reached skill level 9 in Stealth
  3298 | D:4      | Reached XP level 7. HP: 22/62 MP: 7/7
  3635 | D:4      | Found a white marble altar of Elyvilon.
  3796 | D:5      | Entered Level 5 of the Dungeon
  3943 | D:5      | Reached skill level 5 in Short Blades
  3943 | D:5      | Reached skill level 11 in Stealth
  3943 | D:5      | Reached XP level 8. HP: 53/69 MP: 8/8
  4062 | D:5      | Noticed Blork the orc
  4070 | D:5      | Killed Blork the orc
  4122 | D:5      | Reached skill level 12 in Stealth
  4372 | D:5      | Found a shimmering blue altar of Sif Muna.
  4791 | D:6      | Reached skill level 13 in Stealth
  4821 | D:6      | Reached XP level 9. HP: 76/76 MP: 9/9
  5008 | D:6      | Reached skill level 1 in Maces & Flails
  5182 | D:6      | Found a runed translucent door.
  5184 | D:6      | Noticed yahweh's ghost (novice DrBe)
  5293 | D:6      | Reached skill level 14 in Stealth
  5576 | D:6      | Identified the +2 robe "Wiem Yliwn" {rPois rC+ rCorr}
  5888 | D:7      | Found a flagged portal.
  5897 | Bailey   | Entered a bailey
  5935 | D:7      | Reached *** piety under Trog
  6799 | D:7      | Found a staircase to the Ecumenical Temple.
  6807 | D:7      | Noticed Harold
  6808 | D:7      | Noticed Maggie
  6824 | D:7      | Slain by Harold

Illustrated notes

Levels and vault maps discovered:
D:1:      lightli_arrival_quake, layout_rooms,
          hellmonk_ecumenical_altar_lost_god, serial_shops,
          nicolae_shop_bloodbath_and_beyond
D:2:      kb_forest_paths, layout_basic
D:3:      layout_loops_cross, lemuel_round_altar, uniq_sigmund
D:4:      layout_loops_ring, lemuel_coloured_pillars_altar,
          mainiacjoe_overflow_boulevard, nicolae_elyvilon_peaceful_grove,
          skrybe_limestone_x, uniq_eustachio, uniq_natasha
D:5:      layout_loops_ring, kennysheep_orc_sif_temple, grunt_decor_resistance,
          chequers_serial_rivers_room_a, uniq_blork_the_orc
D:6:      layout_loops_ring, ebering_ghost_inner_flame
D:7:      layout_loops_ring, minmay_temple_entry_sparse_star, enter_bailey_6,
          serial_rivers, chequers_serial_rivers_micro_b,
          chequers_serial_rivers_small_a, chequers_serial_rivers_large_a,
          chequers_serial_rivers_large_b, uniq_harold, uniq_maggie

Skill      XL: |  1  2  3  4  5  6  7  8  9 |
---------------+----------------------------+-----
Stealth        | 1 2 3 4 6 9 11 13 14 | 14.8
Short Blades   | 1 2 3 4 5 6 7 |  7.8
Maces & Flails | 2 |  2.8
Fighting       | |  3.4
Long Blades    | |  3.0
Armour         | |  1.5
Dodging        | |  1.5

Action                   |  1- 3 |  4- 6 |  7- 9 || total
-------------------------+-------+-------+-------++-------
Melee: Falchion          |    23 |       |       ||    23
       Dagger            |    40 |    19 |    87 ||   146
       Short sword       |     9 |    82 |     9 ||   100
       Punch             |     1 |     1 |     2 ||     4
       Whip              |       |       |   121 ||   121
Invok: Berserk           |     4 |     2 |     7 ||    13
       Trog's Hand       |       |     1 |     1 ||     2
 Abil: Spit Poison       |    10 |    10 |    10 ||    30
  Use: Scroll            |       |     5 |    13 ||    18
       Potion            |       |       |     2 ||     2
 Stab: Sleeping          |     2 |    12 |    21 ||    35
Armor: Animal skin       |    18 |    12 |       ||    30
       Leather armour    |       |     7 |     9 ||    16
       Ring mail         |       |    18 |    45 ||    63
       Robe              |       |       |    53 ||    53
Dodge: Dodged            |    34 |    59 |   153 ||   246
